 Dungeon Crawl Stone Soup version 0.29.1-1-gd02db6906a (webtiles) character file.

Game seed: 13763654381992052275

1316 Earthwalker the Slasher (level 8, -1/68 HPs)
             Began as a Minotaur Fighter on Oct 10, 2022.
             Was a Follower of Okawaru.
             Slain by a yak (6 damage)
             ... on level 5 of the Dungeon.
             The game lasted 00:15:54 (4289 turns).

Earthwalker the Slasher (Minotaur Fighter)          Turns: 4289, Time: 00:15:55

Health: -1/68      AC:  7    Str: 23    XL:     8   Next: 33%
Magic:  8/8        EV: 10    Int:  5    God:    Okawaru [*.....]
Gold:   263        SH:  8    Dex: 10    Spells: 7/7 levels left

rFire   . . .      SeeInvis .   v - +2 falchion (holy)
rCold   . . .      Faith    .   c - +3 buckler
rNeg    . . .      Spirit   .   b - +0 scale mail
rPois   .          Reflect  .   (helmet restricted)
rElec   .          Harm     .   (no cloak)
rCorr   .          Rampage  .   (no gloves)
Will    .....                   (no boots)
Stlth   ..........              j - amulet of regeneration
HPRegen 1.01/turn               (no ring)
MPRegen 0.11/turn               (no ring)

@: no status effects
A: horns 2, retaliatory headbutt
a: Renounce Religion, Heroism


You were on level 5 of the Dungeon.
You worshipped Okawaru.
Okawaru was aware of your devotion.
You visited 1 branch of the dungeon, and saw 5 of its levels.
You also visited: Ossuary.

You collected 263 gold pieces.

Inventory:

Hand Weapons
 a - a +1 long sword
 m - a +0 scimitar of electrocution
 v - a +2 falchion of holy wrath (weapon)
 E - a +0 spear
Missiles
 e - 6 poisoned darts (quivered)
 p - a throwing net
 r - 5 curare-tipped darts
Armour
 b - a +0 scale mail (worn)
 c - a +3 buckler (worn)
 u - the +1 robe of the Old and Reckless {Int+3}
   (You found it on level 4 of the Dungeon)

   Int:       It affects your intelligence (+3).
Jewellery
 j - an amulet of regeneration (around neck)
 o - an amulet of reflection
 t - an amulet of magic regeneration
Wands
 s - a wand of charming (7)
Scrolls
 f - a scroll of teleportation
 g - a scroll of immolation
 q - 4 scrolls of enchant armour
 y - 3 scrolls of enchant weapon
Potions
 d - a potion of might
 h - a potion of mutation {unknown}
 i - a potion of degeneration {unknown}
 k - 2 potions of cancellation
 l - 4 potions of curing
 n - 2 potions of magic
 w - 2 potions of brilliance
 x - a potion of invisibility {unknown}
 z - a potion of resistance {unknown}
 A - 3 potions of heal wounds {unknown}
 B - a potion of attraction {unknown}
 C - 2 potions of haste
 D - a potion of lignification {unknown}


   Skills:
 * Level 5.2 Fighting
 * Level 7.1 Long Blades
 * Level 2.7 Throwing
 * Level 5.3 Armour
 * Level 2.6 Dodging
 * Level 2.3 Stealth
 * Level 5.1 Shields
 * Level 2.3 Invocations
 * Level 2.1 Evocations


You had 7 spell levels left.
You didn't know any spells.
Your spell library contained the following spells:

 Spells                   Type           Power      Damage    Failure   Level
 Fireball                 Conj/Fire      0%         3d3       100%        5
 Starburst                Conj/Fire      0%         6d3       100%        6
 Ignition                 Fire           0%         3d3       100%        8


Dungeon Overview and Level Annotations

Branches:
Dungeon (5/15)            Ossuary (visited)
 Temple: D:4-7

Altars:
Okawaru
Wu Jian


Innate Abilities, Weirdness & Mutations

You have a pair of horns on your head.
You reflexively headbutt those who attack you in melee.


Message History

The yak is heavily wounded.
You block the yak's attack.
You hit the yak.
The yak is heavily wounded.
The yak gores you!
You slash the yak!
The yak is severely wounded.
The yak gores you!
You hit the yak.
The yak is almost dead.
The yak gores you!
* * * LOW HITPOINT WARNING * * *
You hit the yak. You headbutt the yak, but do no damage.
The yak is almost dead.
The yak gores you!
* * * LOW HITPOINT WARNING * * *
You hit the yak.
You kill the yak!
Okawaru accepts your kill.
You can now gain great but temporary skills.
Your Long Blades skill increases to level 7!
You completely miss the yak. You headbutt the yak.
The yak is lightly wounded.
The yak gores you.
* * * LOW HITPOINT WARNING * * *
You hit the yak.
The yak is lightly wounded.
The yak gores you but does no damage.
You hit the yak.
The yak is lightly wounded.
The yak gores you.
* * * LOW HITPOINT WARNING * * *
You slash the yak!
The yak is moderately wounded.
The yak gores you.
* * * LOW HITPOINT WARNING * * *
You slash the yak! You headbutt the yak!
The yak is almost dead.
The yak gores you.
You die...

#. #.# #..
#.[ #.# #.#
###Y# ##.@#
##...#
#...## #..##
##..# #...##
#....#
###..#######
. #.
##..##...#


You could see a yak.

Vanquished Creatures
  2 yaks (D:5)
  A water moccasin (D:5)
  A black bear (D:4)
  An ogre (D:4)
  Blork the orc (D:4)
  A scorpion (D:5)
  4 water moccasin zombies (Ossuary)
  Crazy Yiuf (D:4)
  Terence (D:2)
  3 mummies
  4 adders
  11 gnolls (D:3)
  2 adder zombies (Ossuary)
  2 dart slugs (D:1)
  4 orcs
  5 bats
  10 endoplasms
  4 giant cockroaches
  6 gnoll zombies (Ossuary)
  24 hobgoblins
  4 quokkas
  5 ball pythons
  5 frilled lizards
  34 goblins
  9 hobgoblin zombies (Ossuary)
  11 kobolds
  3 kobold zombies (Ossuary)
  3 orc zombies (Ossuary)
  5 rats
167 creatures vanquished.

Notes
Turn   | Place    | Note
-------+----------+-------------------------------------------
     0 | D:1      | Earthwalker the Minotaur Fighter began the quest for the
                  | Orb.
     0 | D:1      | Reached XP level 1. HP: 19/19 MP: 0/0
   195 | D:1      | Reached XP level 2. HP: 21/27 MP: 1/1
   622 | D:1      | Reached XP level 3. HP: 33/33 MP: 2/2
  1239 | D:2      | Reached skill level 3 in Long Blades
  1285 | D:2      | Noticed Terence
  1289 | D:2      | Killed Terence
  1290 | D:2      | Reached XP level 4. HP: 33/40 MP: 3/3
  1495 | D:2      | Reached skill level 1 in Dodging
  1746 | D:3      | Reached skill level 1 in Throwing
  1883 | D:3      | Reached XP level 5. HP: 40/46 MP: 4/4
  2107 | D:3      | Found an ornate altar of the Wu Jian Council.
  2204 | D:3      | Reached skill level 1 in Stealth
  2231 | D:3      | Reached skill level 4 in Long Blades
  2232 | D:3      | Reached skill level 1 in Invocations
  2413 | D:3      | Reached XP level 6. HP: 29/52 MP: 5/5
  2495 | D:3      | Reached skill level 1 in Evocations
  2887 | D:3      | Identified a scroll of acquirement
  2887 | D:3      | Acquired a +0 scimitar of electrocution
  2984 | D:4      | Identified the +1 robe of the Old and Reckless {Int+3}
  3043 | D:4      | Reached skill level 5 in Long Blades
  3051 | D:4      | Noticed Blork the orc
  3060 | D:4      | Killed Blork the orc
  3061 | D:4      | Reached XP level 7. HP: 51/60 MP: 7/7
  3079 | D:4      | Found a sand-covered staircase.
  3087 | Ossuary  | Entered an ossuary
  3163 | Ossuary  | Reached skill level 6 in Long Blades
  3163 | Ossuary  | Reached skill level 5 in Armour
  3346 | D:4      | Found an iron altar of Okawaru.
  3816 | D:4      | Became a worshipper of Warmaster Okawaru
  3968 | D:4      | Found a runed translucent door.
  3969 | D:4      | Noticed Crazy Yiuf
  3975 | D:4      | Killed Crazy Yiuf
  4065 | D:5      | Entered Level 5 of the Dungeon
  4077 | D:5      | Reached skill level 5 in Fighting
  4097 | D:5      | Reached XP level 8. HP: 67/68 MP: 8/8
  4278 | D:5      | Reached skill level 5 in Shields
  4284 | D:5      | Reached * piety under Okawaru
  4285 | D:5      | Reached skill level 7 in Long Blades
  4289 | D:5      | Slain by a yak

Illustrated notes

Levels and vault maps discovered:
D:1:      tarquinn_simple_flora_water_d, layout_loops_ring, fountainhead
D:2:      layout_loops_cross, uniq_terence
D:3:      minmay_goblin_kobold_castle, layout_loops_ring,
          pdpol_wu_jian_five_deadly_venoms, minmay_misc_feat_tiny
D:4:      layout_loops_ring, kennysheep_okawaru_gauntlet,
          gup_ossuary_entry_pyramid, uniq_blork_the_orc, uniq_crazy_yiuf_cottage
D:5:      layout_layer_cave, grunt_dithmenos_smoke_and_mirrors

Skill      XL: |  1  2  3  4  5  6  7  8 |
---------------+-------------------------+-----
Armour         | 4 5 |  5.3
Shields        | 4 5 |  5.1
Long Blades    | 3 4 5 6 7 |  7.1
Dodging        | 1 2 |  2.6
Fighting       | 4 5 |  5.2
Throwing       | 1 2 |  2.7
Stealth        | 1 2 |  2.3
Invocations    | 1 2 |  2.3
Evocations     | 1 2 |  2.1

Action                   |  1- 3 |  4- 6 |  7- 9 || total
-------------------------+-------+-------+-------++-------
Melee: Long sword        |    72 |   176 |       ||   248
       Headbutt          |     9 |    28 |    24 ||    61
       Scimitar          |       |    18 |    76 ||    94
       Falchion          |       |       |    41 ||    41
       Spear             |       |       |     2 ||     2
  Use: Scroll            |     5 |     4 |     8 ||    17
Armor: Scale mail        |    34 |    80 |    19 ||   133
Dodge: Dodged            |    41 |   113 |    32 ||   186
Block: Buckler           |    14 |    97 |    32 ||   143
